 Dungeon Crawl Stone Soup version 0.23-a0-701-gd76f34b (webtiles) character file.

1453 inmateoo the Firebug (level 8, -11/48 HPs)
             Began as an Octopode Fire Elementalist on Jan 13, 2019.
             Was a Believer of Hepliaklqana.
             Hit by a tomahawk thrown by an orc warrior (22 damage)
             ... on level 7 of the Dungeon.
             The game lasted 00:08:31 (5981 turns).

inmateoo the Firebug (Octopode Fire Elementalist)   Turns: 5981, Time: 00:08:32

Health: -11/48     AC:  1    Str:  8    XL:     8   Next: 76%
Magic:  14/14      EV: 15    Int: 19    God:    Hepliaklqana [**....]
Gold:   283        SH:  0    Dex: 12    Spells: 6/16 levels left

rFire    + . .     SeeInvis .   a - +2 dagger (venom)
rCold    . . .     Gourm    .   (no shield)
rNeg     + . .     Faith    .   (helmet restricted)
rPois    .         Spirit   .   f - amulet of rage
rElec    .         Reflect  .   k - ring of positive energy
rCorr    .         Harm     .   s - ring of protection from magic
MR       +....                  u - ring of protection from fire
Stlth    ++++......             (no ring)
HPRegen  0.16/turn              (no ring)
MPRegen  0.14/turn              (no ring)
                                (no ring)
                                (no ring)

@: no status effects
A: almost no armour, stealthy swim, amphibious, 8 rings, constrict 8, reduced
essence, camouflage 1, gelatinous body 1
a: Recall Ancestor, Ancestor Identity, Renounce Religion, Evoke Berserk Rage


You were on level 7 of the Dungeon.
You worshipped Hepliaklqana.
Hepliaklqana was pleased with you.
You were not hungry.

You visited 2 branches of the dungeon, and saw 8 of its levels.

You collected 283 gold pieces.

Inventory:

Hand Weapons
 a - a +2 dagger of venom (weapon)
Jewellery
 f - an amulet of rage (around mantle)
 k - a ring of positive energy (left tentacle)
 s - a ring of protection from magic (right tentacle)
 u - a ring of protection from fire (on tentacle)
Wands
 c - a wand of acid (10)
 p - a wand of polymorph (7)
 v - a wand of flame (30)
Scrolls
 h - 7 scrolls of teleportation
 i - a scroll of blinking
 l - 4 scrolls of enchant armour
 t - a scroll of fear
 w - a scroll of identify
Potions
 d - a potion of brilliance {unknown}
 e - 3 potions of curing
 j - a potion of ambrosia {unknown}
 m - a potion of mutation
 n - a potion of haste
 o - a potion of agility
 q - 2 potions of heal wounds
 r - a potion of flight
 x - a potion of cancellation
Comestibles
 b - 10 rations


   Skills:
 + Level 4.0 Fighting
 + Level 4.8 Dodging
 - Level 5.0 Stealth
 - Level 0.3 Unarmed Combat
 + Level 4.5 Spellcasting
 + Level 4.3 Conjurations
 + Level 5.5 Fire Magic


You had 6 spell levels left.
You knew the following spells:

 Your Spells              Type           Power        Failure   Level  Hunger
a - Flame Tongue          Conj/Fire      ###..        1%          1    None
b - Throw Flame           Conj/Fire      ###...       2%          2    #......
c - Conjure Flame         Conj/Fire      ###.....     4%          3    ###....
d - Sticky Flame          Conj/Fire      ###.....     17%         4    ####...

Your spell library contained the following spells:

 Spells                   Type           Power        Failure   Level  Hunger
 Inner Flame              Hex/Fire       ##......     12%         3    ###....
 Fireball                 Conj/Fire      ###.......   43%         5    ######.


Dungeon Overview and Level Annotations

Branches:
Dungeon (7/15)             Temple (1/1) D:4

Altars:
Ashenzari
Dithmenos
Elyvilon
Fedhas
Gozag
Hepliaklqana
Kikubaaqudgha
Makhleb
Nemelex Xobeh
Qazlal
Ru
Sif Muna
Trog
Uskayaw
Wu Jian
Xom
Yredelemnul
Zin
Lugonu

Annotations:
D:4 Duvessa


Innate Abilities, Weirdness & Mutations

You cannot wear most types of armour.
You are very stealthy in the water. (Stealth+)
You are amphibious.
You can wear up to eight rings at the same time.
You can use your tentacles to constrict eight enemies at once.
Your skin changes colour to match your surroundings (Stealth+).
Your rubbery body absorbs attacks. (AC +1, EV +1)
Your life essence is reduced to manifest your ancestor. (-10% HP)


Message History

The hound dies!
Unknown command.
The orc warrior throws a tomahawk.
The tomahawk hits you.
* * * LOW HITPOINT WARNING * * *
Unknown command.
What are your orders? t - Shout!
Orders for allies: a - Attack new target. r - Retreat! s - Stop attacking. g - Guard the area. f - Follow me.
Anything else - Cancel.
Gang up on whom?
Press: ? - help, Dir - move target cursor, f - orc warrior
Aim: an orc warrior, wielding a +0 mace and wearing a +0 chain mail Attack! Æðelind misses the orc warrior.
The orc warrior throws a tomahawk.
The tomahawk hits Æðelind! Æðelind hits the orc warrior with a +0 flail!
The orc warrior throws a tomahawk.
The tomahawk barely misses Æðelind.
The tomahawk hits you!!
You die...

...).##.#*,,,,,,,,*,,,>,,,,*,*,**
......#.##*****#...,,,,,,*,,,*,**
......#..# #.≈≈≈≈≈≈≈,,,,,>,**
##.......#**** #.≈#*,**≈,,*,,,,,*
####....#,*,###.≈#,,,*≈..**,,,<,
##..#..#,,,+.#.≈#,∩,*≈.##*,,,,,
###..#..##*###...≈#,,,*≈..#.,,,**
.....[)## #.#*#.≈#####≈....*,,**
##.###)# #.# #@≈≈≈≈≈o≈.<.,**,,*
#.* #)# #.# #.....Ro....,**,,*
*#+###.#####.######..)#...,,,,,,*
**_+.............##..##,,,,,***,,
**+###..########.##...#.#.,,* *,,
*,* #..# #...........,* ***
**,**#.[# #...........,**
,,,,....# ##...........,*
**#.....# #...........,*


You could see the friendly Æðelind the knight, an orc warrior and an orc.

Vanquished Creatures
  A sky beast (D:6)
  A centaur (D:7)
  A bullfrog (D:6)
  4 howler monkeys
  2 crimson imps
  A hound (D:4)
  A jelly (D:6)
  An orc wizard (D:6)
  3 orc priests
  4 worker ants
  6 adders
  A shadow imp (D:6)
  3 oozes
  2 worms (D:3)
  2 dart slugs
  2 leopard geckos
  9 orcs
  11 giant cockroaches
  4 goblins
  6 hobgoblins
  7 jackals
  7 kobolds
  2 quokkas
  7 bats
  4 frilled lizards
  A jackal zombie (D:5)
  15 rats
108 creatures vanquished.

Vanquished Creatures (collateral kills)
  A steam dragon (D:7)
  A sky beast (D:5)
  An ogre (D:5)
  Dowan (D:4)
  A crimson imp (D:6)
  A hound (D:7)
  2 jellies (D:5)
  A centaur skeleton (D:5)
  An iguana (D:6)
  An adder (D:5)
  An ooze (D:5)
  An orc (D:7)
  A quokka skeleton (D:7)
14 creatures vanquished.

Vanquished Creatures (others)
  An ancestor (D:4)
1 creature vanquished.

Grand Total: 123 creatures vanquished

Notes
Turn   | Place    | Note
-------+----------+-------------------------------------------
     0 | D:1      | inmateoo the Octopode Fire Elementalist began the quest for
                  | the Orb.
     0 | D:1      | Reached XP level 1. HP: 11/11 MP: 3/3
   339 | D:1      | Reached XP level 2. HP: 17/17 MP: 5/5
   792 | D:1      | Reached XP level 3. HP: 17/21 MP: 6/6
  1175 | D:2      | Found a bloodstained altar of Trog.
  1191 | D:2      | Found a basalt altar of Yredelemnul.
  1336 | D:2      | Found a shadowy altar of Dithmenos.
  1336 | D:2      | Found an opulent altar of Gozag.
  1338 | D:2      | Found a hide-covered altar of Uskayaw.
  1338 | D:2      | Found a white marble altar of Elyvilon.
  1341 | D:2      | Found a sacrificial altar of Ru.
  1341 | D:2      | Found a sparkling altar of Nemelex Xobeh.
  1448 | D:2      | Reached XP level 4. HP: 23/27 MP: 7/7
  1640 | D:3      | Learned a level 2 spell: Throw Flame
  1644 | D:3      | Learned a level 3 spell: Conjure Flame
  1722 | D:3      | Reached skill level 1 in Fighting
  1888 | D:3      | Reached XP level 5. HP: 25/33 MP: 3/9
  2135 | D:4      | Found a staircase to the Ecumenical Temple.
  2205 | Temple   | Entered the Ecumenical Temple
  2258 | Temple   | Became a worshipper of Hepliaklqana the Forgotten
  2536 | D:4      | Found a shimmering altar of Xom.
  2565 | D:4      | Noticed Dowan
  2566 | D:4      | Noticed Duvessa
  2842 | D:4      | Reached XP level 6. HP: 34/34 MP: 10/10
  2849 | D:4      | Learned a level 4 spell: Sticky Flame
  2853 | D:4      | Killed Dowan
  3443 | D:5      | Entered Level 5 of the Dungeon
  3557 | D:5      | Reached * piety under Hepliaklqana
  3583 | D:5      | Noticed a sky beast
  3593 | D:5      | Killed a sky beast
  3593 | D:5      | Reached XP level 7. HP: 22/40 MP: 11/11
  3745 | D:5      | Reached skill level 5 in Stealth
  4042 | D:5      | Found an ancient bone altar of Kikubaaqudgha.
  4880 | D:6      | Reached XP level 8. HP: 17/46 MP: 13/13
  5101 | D:6      | Reached skill level 5 in Fire Magic
  5570 | D:6      | Found a stormy altar of Qazlal.
  5712 | D:6      | Found a sparkling altar of Nemelex Xobeh.
  5788 | D:6      | Found a glowing silver altar of Zin.
  5874 | D:7      | Reached ** piety under Hepliaklqana
  5875 | D:7      | Remembered your ancestor Æðelind as a knight
  5981 | D:7      | Hit by a tomahawk thrown by an orc warrior

Vault maps used:
D:1:      nicolae_arrival_washed_ashore, serial_forest,
          infiniplex_forest_lined_ring, infiniplex_forest_clump_C,
          infiniplex_forest_end_3, infiniplex_forest_clump_diagonal,
          infiniplex_forest_straight_4, infiniplex_forest_corner_1,
          infiniplex_forest_lined_room_
D:2:      old_standard_altar, yredelemnul_altar_generic,
          grunt_temple_overflow_open, minivault_23, minivault_14
D:3:      first_ration
D:4:      brannock_xom_greatest_gift, minmay_temple_entry_trees, uniq_duvessa
D:5:      nicolae_overflow_crystal_walls, st_stairs_13
D:6:      grunt_qazlal_sundering, kennysheep_mini_moat,
          nemelex_spade_bored_becter
D:7:      lemuel_doored_altar, enter_bailey_3, serial_bayou_lagoon_a,
          the_bakery, uniq_crazy_yiuf_cottage, uniq_pikel
Temple:   corrupted_temple

Skill      XL: |  1  2  3  4  5  6  7  8 |
---------------+-------------------------+-----
Stealth        | 3 4 5 |  5.0
Fighting       | 1 2 3 4 |  4.0
Dodging        | 3 4 |  4.8
Conjurations   | 2 3 4 |  4.3
Fire Magic     | 4 5 |  5.5
Spellcasting   | 3 4 |  4.5
Unarmed Combat | |  0.3

Action                   |  1- 3 |  4- 6 |  7- 9 || total
-------------------------+-------+-------+-------++-------
Melee: Unarmed           |    50 |       |       ||    50
       Constrict         |    23 |    26 |    18 ||    67
       Tentacles         |    13 |    18 |    15 ||    46
       Dagger            |    25 |    95 |    92 ||   212
 Cast: Flame Tongue      |     5 |     8 |       ||    13
       Sticky Flame      |       |     2 |     2 ||     4
Invok: Recall Ancestor   |       |     1 |     1 ||     2
       Ancestor Life: Kn |       |       |     1 ||     1
  Use: Scroll            |       |       |    12 ||    12
       Potion            |       |       |     3 ||     3
 Stab: Sleeping          |    18 |    15 |     4 ||    37
       Distracted        |       |       |     4 ||     4
       Invisible         |       |       |     1 ||     1
  Eat: Chunk             |     1 |     8 |     7 ||    16
       Ration            |       |       |     1 ||     1
Armor: Skin              |     4 |     3 |     3 ||    10
Dodge: Dodged            |    35 |    64 |    63 ||   162

Table legend:
 A = Non-vault XP
 B = Vault XP
 C = Vault XP percentage of total XP
 D = Non-vault monster count
 E = Vault monster count
 F = Vault count percentage of total count
                 A         B        C        D         E       F
            +---------+---------+-------+---------+---------+-------
      Total |    1947 |     130 |   6.3 |     119 |       3 |   2.5
            +---------+---------+-------+---------+---------+-------
        D:1 |      37 |       0 |   0.0 |      22 |       0 |   0.0
        D:2 |      61 |       0 |   0.0 |      19 |       0 |   0.0
        D:3 |     122 |       0 |   0.0 |      31 |       0 |   0.0
        D:4 |     138 |      73 |  34.6 |      10 |       1 |   9.1
        D:5 |     634 |      57 |   8.2 |      14 |       2 |  12.5
        D:6 |     598 |       0 |   0.0 |      13 |       0 |   0.0
        D:7 |     357 |       0 |   0.0 |      10 |       0 |   0.0
            +---------+---------+-------+---------+---------+-------
